 Dungeon Crawl Stone Soup version 0.29-a0-321-gf1c400731a (webtiles) character file.

Game seed: 766939463635294132

163 inmateoo the Skirmisher (level 5, -6/42 HPs)
             Began as a Demonspawn Fighter on Apr 4, 2022.
             Was a Follower of Dithmenos.
             Killed by divine providence
             ... invoked by an orc priest
              (9 damage)
             ... on level 3 of the Dungeon.
             The game lasted 00:01:58 (2841 turns).

inmateoo the Skirmisher (Demonspawn Fighter)        Turns: 2841, Time: 00:01:59

Health: -6/42      AC:  6    Str: 19    XL:     5   Next: 20%
Magic:  5/5        EV: 11    Int:  9    God:    Dithmenos [*.....]
Gold:   143        SH:  4    Dex: 12    Spells: 4/4 levels left

rFire   . . .      SeeInvis .   i - +2 spear (venom)
rCold   . . .      Faith    .   b - +0 buckler
rNeg    + . .      Spirit   .   a - +0 scale mail
rPois   .          Reflect  .   (no helmet)
rElec   .          Harm     .   (no cloak)
rCorr   .          Rampage  .   (no gloves)
Will    .....                   (no boots)
Stlth   ..........              (no amulet)
HPRegen 0.14/turn               n - ring of positive energy
MPRegen 0.09/turn               (no ring)

@: wreathed by umbra
A: repulsion field 1, demonic guardian 1
a: Renounce Religion


You were on level 3 of the Dungeon.
You worshipped Dithmenos.
Dithmenos was aware of your devotion.
You visited 1 branch of the dungeon, and saw 3 of its levels.

You collected 143 gold pieces.

Inventory:

Hand Weapons
 i - a +2 spear of venom (weapon)
Armour
 a - a +0 scale mail (worn)
 b - a +0 buckler (worn)
Jewellery
 n - a ring of positive energy (left hand)
Scrolls
 d - 6 scrolls of identify {unknown}
 e - a scroll of acquirement {unknown}
 f - 2 scrolls of magic mapping {unknown}
 g - a scroll of enchant armour {unknown}
 j - a scroll of fog {unknown}
 l - a scroll of immolation {unknown}
 o - a scroll of teleportation {unknown}
 t - a scroll of amnesia {unknown}
Potions
 c - a potion of might
 h - a potion of mutation {unknown}
 k - 3 potions of attraction {unknown}
 m - 2 potions of cancellation {unknown}
 p - a potion of heal wounds {unknown}
 q - a potion of lignification {unknown}
 r - 2 potions of berserk rage {unknown}
 s - 2 potions of curing {unknown}


   Skills:
 + Level 3.6 Fighting
 + Level 3.3 Armour
 + Level 3.4 Shields
 * Level 3.4 Unarmed Combat


You had 4 spell levels left.
You didn't know any spells.
Your spell library was empty.

Dungeon Overview and Level Annotations

Branches:
Dungeon (3/15)

Altars:
Dithmenos


Innate Abilities, Weirdness & Mutations

You are surrounded by a mild repulsion field. (EV +2)
A weak demonic guardian rushes to your aid.


Message History

The orc closely misses you.
The orc priest calls down the wrath of Beogh upon you.
You barely resist. Something hits you.
You are too injured to fight recklessly!
You are too injured to fight recklessly!
You hit the orc.
The orc is poisoned.
The orc is almost dead.
The orc hits you with a +0 hand axe.
A demonic guardian appears!
You closely miss the orc.
The orc is almost dead.
Dithmenos accepts your kill.
Reactivating autopickup.
You feel a bit more experienced. The orc misses you.
You closely miss the orc.
The orc is almost dead.
The orc closely misses you.
The orc priest mumbles some strange prayers to Beogh against you.
Beogh smites you!
* * * LOW HITPOINT WARNING * * *
You block the orc's attack.
You swap places.
You kill the orc!
Dithmenos accepts your kill.
The orc priest hits your quasit with a +0 flail.
What are your orders? t - Shout!
Orders for allies: a - Attack new target. r - Retreat! s - Stop attacking. g - Guard the area. f - Follow me.
Anything else - Cancel.
Gang up on whom?
Press: ? - help, Dir - move target, f - orc priest
Aim: an orc priest, wielding a +0 flail and wearing a +0 ring mail (ally target) Attack!
Your quasit bites the orc priest.
Your quasit barely misses the orc priest.
Your quasit claws the orc priest but does no damage.
The orc priest calls down the wrath of Beogh upon you.
Beogh smites you!
You die...

#.# #.#
#.# #.#
#.# #.# #
#. #.# #
#. #@#.# #
#. #.#.# #
#.####5#.#
####
#.#..)o..#
#...
#.#......#
#...
#.#.)<...#
#...
#......>.#
#.(.
###.#....#
#...
#.#.#..#
#.##


You could see an orc priest (ally target) and a friendly quasit (summoned).

Vanquished Creatures
  An orc wizard (D:3)
  4 gnolls
  4 adders
  2 worms
  A dart slug (D:3)
  2 orcs (D:3)
  5 bats
  2 hobgoblins
  5 jackals
  7 quokkas
  5 ball pythons
  3 frilled lizards
  4 goblins
  2 kobolds
  7 rats
54 creatures vanquished.

Vanquished Creatures (collateral kills)
  A gnoll (D:2)
1 creature vanquished.

Grand Total: 55 creatures vanquished

Notes
Turn   | Place    | Note
-------+----------+-------------------------------------------
     0 | D:1      | inmateoo the Demonspawn Fighter began the quest for the
                  | Orb.
     0 | D:1      | Reached XP level 1. HP: 18/18 MP: 1/1
   342 | D:1      | Gained mutation: A weak demonic guardian rushes to your
                  | aid. [demonic ancestry]
   342 | D:1      | Reached XP level 2. HP: 23/24 MP: 2/2
   411 | D:1      | Reached XP level 3. HP: 10/29 MP: 3/3
  1569 | D:2      | Gained mutation: You are surrounded by a mild repulsion
                  | field. (EV +2) [demonic ancestry]
  1569 | D:2      | Reached XP level 4. HP: 35/35 MP: 4/4
  2030 | D:2      | Found a faded altar of an unknown god.
  2467 | D:2      | Prayed at the altar of an unknown god.
  2467 | D:2      | Became a worshipper of Dithmenos the Shadowed
  2467 | D:2      | Reached * piety under Dithmenos
  2767 | D:3      | Reached XP level 5. HP: 41/41 MP: 5/5
  2841 | D:3      | Killed from afar by an orc priest

Illustrated notes

Levels and vault maps discovered:
D:1:      dpeg_arrival_orchard, layout_rooms
D:2:      layout_basic, chequers_ecumenical_altar_simple
D:3:      layout_loops_ring, uniq_crazy_yiuf_cottage

Skill      XL: |  1  2  3  4 |
---------------+-------------+-----
Unarmed Combat | 2 3 |  3.4
Shields        | 3 |  3.4
Armour         | 3 |  3.3
Fighting       | |  3.6

Action                   |  1- 3 |  4- 6 || total
-------------------------+-------+-------++-------
Melee: Unarmed           |    31 |       ||    31
       Spear             |    52 |    62 ||   114
Armor: Scale mail        |    47 |    14 ||    61
Dodge: Dodged            |    61 |    26 ||    87
Block: Buckler           |    31 |     6 ||    37

Table legend: (Time is in decaauts)
 A = Elapsed time spent in this place.
 B = Non-inter-level travel time spent in this place.
 C = Inter-level travel time spent in this place.
 D = Time resting spent in this place.
 E = Time spent auto-exploring this place.
 F = Levels seen in this place.
 G = Mean time per level.
                   A        B        C        D        E       F      G
               +--------+--------+--------+--------+--------+-----+--------+
         Total |   2861 |   2795 |     66 |   1256 |   1128 |   3 |  953.7 |
       Dungeon |   2861 |   2795 |     66 |   1256 |   1128 |   3 |  953.7 |
               +--------+--------+--------+--------+--------+-----+--------+

Top non-repeatable levels by time:
     D:1: 1417 daAuts
     D:2: 1076 daAuts
     D:3: 367 daAuts
